 Dungeon Sprint DCSS version 0.31-a0-841-g038b102fc3 (webtiles) character file.

Game seed: 3952528591978754132

12973 sircluck the Brawler (level 11, -19/131 HPs)
             Began as a Troll Berserker on Sept 27, 2023.
             Was the Champion of Trog.
             Killed from afar by Gloorx Vloq (41 damage)
             ... with a poison arrow
             ... in the Dungeon (Sprint VII: "The Pits").
             The game lasted 00:06:21 (2242 turns).

sircluck the Brawler (Troll Berserker)              Turns: 2242, Time: 00:06:21

Health: -19/131    AC:  6    Str: 37    XL:     11   Next: 69%
Magic:  0/10       EV: 14    Int:  3    God:    Trog [******]
Gold:   35         SH:  0    Dex:  9    Spells: 10/10 levels left

rFire   . .          .
                       - Unarmed
rCold   . . .        (no shield)
rNeg    . . .        z - +1 robe {Will+}
rPois   .            (helmet restricted)
rElec   .            h - +0 cloak
rCorr   .            (gloves unavailable)
SInv    .            (boots unavailable)
Will    +....        o - amulet of guardian spirit
Stlth   +            l - +3 ring of strength
HPRegen 1.21/turn    m - +3 ring of strength
MPRegen 0.12/turn

%: no teleportation, guardian spirit
@: lethally poisoned (-19 -> -30), invisible
A: large, unfitting armour, claws 3, regeneration 1, shaggy fur 1, tough skin 1
a: Renounce Religion, Berserk, Trog's Hand, Brothers in Arms


You were in the Dungeon.
You worshipped Trog.
Trog was exalted by your worship.
You visited 1 branch You collected 35 gold pieces.

Inventory:

Armour
 a - a +0 animal skin
 h - a +0 cloak (worn)
 z - a +1 robe of willpower (worn)
Jewellery
 l - a +3 ring of strength (left claw)
 m - a +3 ring of strength (right claw)
 o - an amulet of guardian spirit (around neck)
 p - a ring of protection from cold
 t - a ring of willpower
Wands
 s - a wand of roots (5)
Scrolls
 g - 3 scrolls of identify
 j - 4 scrolls of vulnerability
 k - a scroll of butterflies
 u - 2 scrolls of enchant weapon
 v - 4 scrolls of enchant armour
 w - 2 scrolls of fog
 y - a scroll of fear
Potions
 b - 10 potions of curing
 c - 9 potions of heal wounds
 d - 2 potions of haste
 e - 4 potions of magic
 f - 5 potions of berserk rage
 i - a potion of invisibility
 n - a potion of mutation
 q - a potion of might
 r - 3 potions of resistance


   Skills:
 + Level 14.9 Fighting
 + Level 14.7 Dodging
 + Level 17.3 Unarmed Combat


You had 10 spell levels left.
You didn't know any spells.
Your spell library was empty.

Dungeon Overview and Level Annotations

Branches:
Dungeon (1/1)

Altars:
Ashenzari
Cheibriados
Dithmenos
Elyvilon
Fedhas
Gozag
Hepliaklqana
Kikubaaqudgha
Makhleb
Nemelex Xobeh
Okawaru
Qazlal
Ru
Sif Muna
Trog
Uskayaw
Vehumet
Wu Jian
Xom
Yredelemnul
Zin
The Shining One
Jiyva
Lugonu

Annotations:
D Gloorx Vloq


Innate Abilities, Weirdness & Mutations

You are too large for most types of armour.
You have claws for hands.
Your natural rate of healing is unusually fast.
You are covered in fur. (AC +1)
You have tough skin. (AC +1)


Message History

Trog accepts your kill.
Unknown command.
Unknown command.
You start resting.
Magic restored.
There is a large open door to the Hallway of Sentries (Extremely Hard) here.
You start resting.
HP restored.
You open the door.
Gloorx Vloq, Demon Lord of Darkness comes into view.
Gloorx Vloq moans, "Flee before doom catcheth thee!"
Gloorx Vloq calls on the powers of darkness!
Your body is wracked with pain!
Gloorx Vloq gestures at you. The foul vapour engulfs you!!
You are poisoned.
Unknown command.
Unknown command.
Unknown command.
Which direction?
You close the door.
You are engulfed in dark miasma.
You are more poisoned.
* * * LOW HITPOINT WARNING * * *
You feel extremely sick.
Gloorx Vloq breaks down the door.
Blink to where?
Press: ? - help, Q - select action, (/) - cycle Dir - move target
As you read the scroll of blinking, it crumbles to dust.
You feel extremely sick.
You fade into invisibility!
You feel extremely sick.
You feel very sick.
Gloorx Vloq calls on the powers of darkness!
Your body is wracked with pain!
* * * LOW HITPOINT WARNING * * *
You feel better. Gloorx Vloq gestures at you. The poison arrow hits you!!!
You are poisoned.
You die...

#.# #'# #.# #'#
################'#
.................#
.............))..#
+##############.&#
#.@# #..# #..#
#..# #..# #..#
#..# #..# #..#


You could see Gloorx Vloq.

Vanquished Creatures
  A nagaraja (D)
  An emperor scorpion (D)
  A merfolk avatar (D)
  A boulder beetle (D)
  A demonic crawler (D)
  A sun demon (D)
  A swamp dragon (D)
  A manticore (D)
  A black mamba (D)
  A gargoyle (D)
  A smoke demon (D)
  Psyche (D)
  A kobold demonologist (D)
  A hellion (D)
  A guardian mummy (D)
  A merfolk (D)
  A tarantella (D)
  2 wind drakes (D)
  5 dream sheep (D)
  A jumping spider (shapeshifter) (D)
  A flying skull (D)
  A spriggan (D)
  3 yaks (D)
  A fire bat (D)
  A fire elemental (D)
  2 basilisks (D)
  A redback (D)
  A steam dragon (D)
  A water moccasin (D)
  2 orc warriors (D)
  An ice beast (D)
  A swamp drake (D)
  A centaur (D)
  A phantom (D)
  A kobold brigand (D)
  A bullfrog (D)
  A gnoll sergeant (D)
  A necrophage (D)
  A scorpion (D)
  An iron imp (D)
  Crazy Yiuf (D)
  A gnoll bouda (D)
  An orc wizard (D)
  9 gnolls (D)
  A river rat (D)
  A worm (D)
  2 orcs (D)
  2 ball pythons (D)
  A bat (D)
  A bat skeleton (D)
  A bat zombie (D)
  An endoplasm (D)
  A goblin (D)
  4 jackals (D)
  6 kobolds (D)
  2 rats (D)
84 creatures vanquished.

Vanquished Creatures (collateral kills)
  An orc knight (D)
  A merfolk (D)
  A hellwing (D)
  A spriggan (D)
  A wyvern (D)
  A steam dragon (D)
  A swamp drake (D)
  An ogre (D)
  A jelly (D)
  An iron imp (D)
  2 orc wizards (D)
  A river rat (D)
  A white imp (D)
14 creatures vanquished.

Vanquished Creatures (others)
  A dream sheep (D)
  A hell rat (D)
  A gnoll (D)
  A ball python (D)
4 creatures vanquished.

Grand Total: 102 creatures vanquished

Notes
Turn   | Place    | Note
-------+----------+-------------------------------------------
     0 | D        | sircluck the Troll Berserker began the quest for the Orb.
     0 | D        | Reached XP level 1. HP: 22/22 MP: 0/0
    21 | D        | Noticed a redback
    29 | D        | Killed a redback
    30 | D        | Reached skill level 5 in Fighting
    30 | D        | Reached skill level 5 in Dodging
    30 | D        | Reached skill level 6 in Unarmed Combat
    30 | D        | Reached XP level 2. HP: 35/35 MP: 1/1
    30 | D        | Reached XP level 3. HP: 42/42 MP: 2/2
    30 | D        | Reached XP level 4. HP: 50/50 MP: 3/3
    33 | D        | Reached ** piety under Trog
    34 | D        | Reached XP level 5. HP: 57/57 MP: 4/4
    99 | D        | Noticed a phantom
   118 | D        | Killed a phantom
   119 | D        | Reached skill level 7 in Unarmed Combat
   149 | D        | Noticed an orc warrior
   198 | D        | Reached *** piety under Trog
   205 | D        | Killed an orc warrior
   206 | D        | Reached skill level 8 in Unarmed Combat
   206 | D        | Reached XP level 6. HP: 31/68 MP: 5/5
   216 | D        | Noticed a tarantella
   220 | D        | Killed a tarantella
   220 | D        | Reached **** piety under Trog
   221 | D        | Reached skill level 9 in Unarmed Combat
   221 | D        | Reached XP level 7. HP: 28/79 MP: 6/6
   258 | D        | Noticed a merfolk avatar
   267 | D        | Killed a merfolk avatar
   268 | D        | Reached skill level 10 in Unarmed Combat
   268 | D        | Reached XP level 8. HP: 92/92 MP: 7/7
   452 | D        | Reached ***** piety under Trog
   479 | D        | Noticed Crazy Yiuf
   481 | D        | Received a gift from Trog
   486 | D        | Killed Crazy Yiuf
   547 | D        | Found a bloodstained altar of Trog.
   547 | D        | Found a shimmering blue altar of Sif Muna.
   547 | D        | Found a viscous altar of Jiyva.
   547 | D        | Found a hazy altar of Hepliaklqana.
   547 | D        | Found an opulent altar of Gozag.
   548 | D        | Found a glowing golden altar of the Shining One.
   548 | D        | Found a glowing silver altar of Zin.
   548 | D        | Found a basalt altar of Yredelemnul.
   548 | D        | Found a shimmering altar of Xom.
   548 | D        | Found an ornate altar of the Wu Jian Council.
   548 | D        | Found a sacrificial altar of Ru.
   548 | D        | Found a stormy altar of Qazlal.
   548 | D        | Found an iron altar of Okawaru.
   548 | D        | Found a sparkling altar of Nemelex Xobeh.
   548 | D        | Found a burning altar of Makhleb.
   548 | D        | Found a blossoming altar of Fedhas.
   548 | D        | Found a white marble altar of Elyvilon.
   548 | D        | Found a shadowy altar of Dithmenos.
   548 | D        | Found a snail-covered altar of Cheibriados.
   552 | D        | Found a corrupted altar of Lugonu.
   552 | D        | Found a radiant altar of Vehumet.
   553 | D        | Found a broken altar of Ashenzari.
   553 | D        | Found an ancient bone altar of Kikubaaqudgha.
   553 | D        | Found a hide-covered altar of Uskayaw.
   607 | D        | Reached skill level 11 in Unarmed Combat
   607 | D        | Received a gift from Trog
   652 | D        | Noticed a jumping spider
   664 | D        | Killed a jumping spider
   665 | D        | Reached skill level 10 in Fighting
   703 | D        | Noticed a flying skull
   709 | D        | Killed a flying skull
   710 | D        | Reached skill level 10 in Dodging
   716 | D        | Reached ****** piety under Trog
   716 | D        | Received a gift from Trog
   717 | D        | Reached skill level 12 in Unarmed Combat
   728 | D        | Reached XP level 9. HP: 70/102 MP: 8/8
   755 | D        | Noticed a kobold demonologist
   762 | D        | Noticed a rust devil
   765 | D        | Noticed a soul eater
   766 | D        | Noticed an ice devil
   770 | D        | Noticed a sun demon
   770 | D        | Killed a kobold demonologist
   776 | D        | Received a gift from Trog
   902 | D        | Noticed a boulder beetle
   905 | D        | Noticed a guardian mummy
   908 | D        | Noticed a manticore
   912 | D        | Killed a boulder beetle
   913 | D        | Reached skill level 13 in Unarmed Combat
   913 | D        | Noticed a black mamba
   918 | D        | Killed a manticore
   920 | D        | Killed a guardian mummy
   924 | D        | Killed a black mamba
   925 | D        | Reached XP level 10. HP: 34/115 MP: 9/9
  1002 | D        | Noticed a sun demon
  1008 | D        | Killed a sun demon
  1008 | D        | Received a gift from Trog
  1009 | D        | Reached skill level 14 in Unarmed Combat
  1078 | D        | Received a gift from Trog
  1088 | D        | Reached skill level 15 in Unarmed Combat
  1180 | D        | Noticed a gargoyle
  1180 | D        | Noticed a smoke demon
  1196 | D        | Killed a gargoyle
  1196 | D        | Received a gift from Trog
  1224 | D        | Killed a smoke demon
  1296 | D        | Noticed an emperor scorpion
  1397 | D        | Killed an emperor scorpion
  1398 | D        | Reached XP level 11. HP: 127/127 MP: 10/10
  1451 | D        | Noticed a swamp dragon
  1451 | D        | Noticed an orc knight
  1458 | D        | Identified the +2 great sword of the Hills {heavy, rC+}
                  | (Trog gifted it to you in the Dungeon)
  1458 | D        | Received a gift from Trog
  1466 | D        | Killed a swamp dragon
  1467 | D        | Reached skill level 16 in Unarmed Combat
  1470 | D        | Killed an orc knight
  1472 | D        | Received a gift from Trog
  1480 | D        | HP: 3/130 [poison (poison gas)]
  1482 | D        | Received a gift from Trog
  1754 | D        | Noticed a nagaraja
  1775 | D        | Killed a nagaraja
  1870 | D        | Noticed a demonic crawler
  1885 | D        | Killed a demonic crawler
  1886 | D        | Reached skill level 17 in Unarmed Combat
  1964 | D        | Noticed Psyche
  1967 | D        | Killed Psyche
  1967 | D        | Received a gift from Trog
  2237 | D        | Noticed Gloorx Vloq
  2242 | D        | Killed from afar by Gloorx Vloq

Illustrated notes

Levels and vault maps discovered:
D:        pitsprint [storerooms_1, entrance_room_1, metal_vault_1, armoury_2,
          mini_pit_1, grid_room_1, main_hall_1, silver_pit, the_coven_1,
          the_vestibule_1, steel_vault_2, golden_pit, hallway_of_sentries,
          crystal_vault_1, iron_vault_2, final_vault]

Skill      XL: |  1  2  3  4  5  6  7  8  9 10 11 |
---------------+----------------------------------+-----
Fighting       | 5 6 7 9 10 11 13 14 | 14.9
Dodging        | 5 6 7 9 10 11 13 14 | 14.7
Unarmed Combat | 6 8 9 10 12 13 15 17 | 17.3

Action                     |  1- 3 |  4- 6 |  7- 9 | 10-12 || total
---------------------------+-------+-------+-------+-------++-------
  Melee: Unarmed           |     3 |    39 |   110 |   120 ||   272
         Punch             |       |     3 |     7 |    10 ||    20
 Invoke: Berserk           |     1 |     1 |     1 |     5 ||     8
         Brothers in Arms  |       |       |       |     1 ||     1
    Use: Potion            |       |       |       |     5 ||     5
         Scroll            |       |       |       |     2 ||     2
   Stab: Distracted        |       |       |       |     1 ||     1
 Armour: Animal skin       |     3 |    19 |    79 |   116 ||   217
         Robe              |       |       |       |     5 ||     5
  Dodge: Dodged            |     1 |    11 |    50 |    58 ||   120

Table legend: (Time is in decaauts)
 A = Elapsed time spent in this place.
 B = Non-inter-level travel time spent in this place.
 C = Inter-level travel time spent in this place.
 D = Time resting spent in this place.
 E = Time spent auto-exploring this place.
 F = Levels seen in this place.
 G = Mean time per level.
                   A        B        C        D        E       F      G
               +--------+--------+--------+--------+--------+-----+--------+
         Total |   2250 |   2159 |     91 |    770 |    187 |   1 | 2250.0 |
       Dungeon |   2250 |   2159 |     91 |    770 |    187 |   1 | 2250.0 |
               +--------+--------+--------+--------+--------+-----+--------+

Top non-repeatable levels by time:
       D: 2250 daAuts
